 Dungeon Crawl Stone Soup version 0.26.1-11-gd32895ea62 (webtiles) character file.

Game seed: 5585718689786770434

12331 DildoBatman the Blocker (level 12, -9/88 HPs)
             Began as a Formicid Conjurer on May 14, 2021.
             Was a High Priest of Kikubaaqudgha.
             Killed from afar by a storm dragon (20 damage)
             ... with a bolt of lightning
             ... on level 12 of the Dungeon.
             The game lasted 00:44:53 (9804 turns).

DildoBatman the Blocker (Formicid Conjurer)         Turns: 9804, Time: 00:44:54

Health: -9/88      AC: 10    Str: 12    XL:     12   Next: 18%
Magic:  8/22       EV: 15    Int: 29    God:    Kikubaaqudgha [*****.]
Gold:   587        SH: 10    Dex:  9    Spells: 2/25 levels left

rFire    + . .     SeeInvis +   a - +3 trident (venom)
rCold    . . .     Faith    .   D - +0 kite shield
rNeg     . . .     Spirit   .   p - +3 leather armour {rF+}
rPois    .         Reflect  .   (helmet unavailable)
rElec    .         Harm     .   J - +0 cloak
rCorr    .         Rampage  .   (no gloves)
Will     +....                  K - +1 pair of boots
Stlth    ++........             m - amulet of magic regeneration
HPRegen  0.24/turn              I - +6 ring of intelligence
MPRegen  0.43/turn              (no ring)

@: lethally poisoned (-9 -> -11)
A: permanent stasis, dig shafts and tunnels, four strong arms, antennae 3,
talons 1, repulsion field 1
a: Dig, Shaft Self, Renounce Religion, Receive Corpses, Torment


You were on level 12 of the Dungeon.
You worshipped Kikubaaqudgha.
Kikubaaqudgha was extremely pleased with you.
You visited 1 branch of the dungeon, and saw 12 of its levels.

You collected 587 gold pieces.

Inventory:

Hand Weapons
 a - a +3 trident of venom (weapon)
 b - a +2 shortbow of freezing
 d - a +1 rapier of electrocution
 e - the +4 war axe of Gorif {vorpal, rF+ SInv}
   (You found it on level 10 of the Dungeon)

   It inflicts extra damage upon your enemies.
   It protects you from fire.
   It lets you see invisible.
 u - a +5 flail
 F - a +3 mace of freezing
Missiles
 i - 294 stones
 k - 250 arrows
 n - 92 bolts
 t - 94 sling bullets
 G - 3 curare-tipped darts
 L - 20 poisoned darts
Armour
 p - a +3 leather armour of fire resistance (worn)
 D - a +0 kite shield (worn)
 J - a +0 cloak (worn)
 K - a +1 pair of boots (worn)
Jewellery
 m - an amulet of magic regeneration (around neck)
 I - a +6 ring of intelligence (left hand)
Wands
 j - a wand of disintegration (11)
 o - a wand of acid (3)
 r - a wand of paralysis (16)
Scrolls
 h - a scroll of vulnerability {unknown}
 q - a scroll of fear {unknown}
 w - 3 scrolls of enchant weapon
 x - 4 scrolls of remove curse
 y - a scroll of fog {unknown}
 z - 2 scrolls of identify
 A - a scroll of blinking {unknown}
 B - a scroll of enchant armour {unknown}
 C - 2 scrolls of magic mapping
 H - a scroll of summoning {unknown}
Potions
 c - a potion of brilliance {unknown}
 f - a potion of berserk rage {unknown}
 g - a potion of curing
 l - a potion of might {unknown}
 s - a potion of lignification
 v - 3 potions of cancellation
 E - 2 potions of flight
 M - a potion of mutation


   Skills:
 * Level 6.1 Fighting
 * Level 6.1 Armour
 * Level 4.1 Dodging
 - Level 2.4 Stealth
 - Level 9.0 Shields
 - Level 7.0 Spellcasting
 - Level 6.0 Conjurations
 - Level 9.0 Necromancy
 - Level 5.0 Fire Magic
 - Level 4.0 Air Magic
 - Level 4.0 Poison Magic


You had 2 spell levels left.
You knew the following spells:

 Your Spells              Type           Power        Failure   Level
a - Searing Ray           Conj           88%          1%          2
b - Conjure Flame         Conj/Fire      42%          1%          3
c - Magic Dart            Conj           100%         1%          1
d - Vampiric Draining     Necr           29%          1%          3
e - Mephitic Cloud        Conj/Pois/Air  37%          2%          3
f - Bolt of Magma         Conj/Fire/Erth 15%          36%         5
h - Dispel Undead         Necr           58%          1%          4
z - Sublimation of Blood  Necr           29%          1%          2

Your spell library contained the following spells:

 Spells                   Type           Power        Failure   Level
 Foxfire                  Conj/Fire      100%         1%          1
 Pain                     Necr           100%         1%          1
 Corpse Rot               Necr/Air       N/A          1%          2
 Corona                   Hex            11%          6%          1
 Call Imp                 Summ           10%          10%         2
 Ensorcelled Hibernation  Hex/Ice        20%          10%         2
 Slow                     Hex            10%          10%         2
 Animate Dead             Necr           29%          1%          4
 Agony                    Necr           58%          4%          5
 Excruciating Wounds      Necr           29%          4%          5
 Dazzling Flash           Conj/Hex       54%          5%          3
 Sticky Flame             Conj/Fire      42%          6%          4
 Inner Flame              Hex/Fire       24%          7%          3
 Iskenderun's Battlesphe  Conj           44%          14%         5
 Confusing Touch          Hex            10%          19%         3
 Portal Projectile        Hex/Tloc       20%          19%         3
 Tukima's Dance           Hex            10%          19%         3
 Fulminant Prism          Conj/Hex       13%          19%         4
 Iskenderun's Mystic Bla  Conj/Tloc      27%          19%         4
 Fireball                 Conj/Fire      21%          19%         5
 Death Channel            Necr           29%          24%         6
 Cause Fear               Hex            5%           52%         4
 Leda's Liquefaction      Hex/Erth       5%           52%         4
 Iron Shot                Conj/Erth      13%          95%         6
 Orb of Destruction       Conj           22%          99%         7
 Spellforged Servitor     Conj/Summ      13%          100%        7
 Blink                    Tloc           Unusable     N/A         2

Dungeon Overview and Level Annotations

Branches:
Dungeon (11/15)            Temple (0/1) D:4            Lair (0/6) D:8
    Orc: D:9-12

Altars:
Cheibriados
Hepliaklqana
Kikubaaqudgha
Nemelex Xobeh
Okawaru
Ru
Uskayaw
Vehumet
Xom
Yredelemnul
Zin

Shops:
D:4 :

Annotations:
D:9 exclusion: stone giant
D:11 Sonja


Innate Abilities, Weirdness & Mutations

You cannot be hasted, slowed, berserked, paralysed or teleported.
You can dig through walls and to a lower floor.
Your four strong arms can wield two-handed weapons with a shield.
You have a pair of large antennae on your head. (SInv)
You have sharp toenails.
You are surrounded by a mild repulsion field. (EV +2)


Message History

You feel sick.
A wight comes into view. It is wielding a +2 spear.
A wight comes into view. It is wielding a +0 halberd.
You extend your mandibles.
You dig through the rock wall.
You feel sick.
The wight throws a poisoned dart.
The poisoned dart misses you.
The wight throws a poisoned dart.
You block the poisoned dart.
You see here 2 poisoned darts.
You dig through the rock wall.
You feel sick.
You dig through the rock wall.
You feel sick.
You dig through the rock wall.
The storm dragon breathes lightning at you.
The bolt of lightning hits you!! x2
You die...
Kikubaaqudgha rasps: "You have failed me!
Welcome... death!"

###........###zz..#.)D#
.......###...{..#...(.#
.##.##.#.....#.##.##z.#
>.#.##.#.....#{##{{.((#
....##.#.....#...D.))##
..####.#.....D######.#
.#####.#.....#.## #.#
.......########.####.#
.....^.# ##@##..#
..####.# ###.#.#
..####.# ##.##.#
[....#.# #######.###.#
#.#....# #...##.## #.#
#......# #...#.#####.#
###...####......>....#
##).......##########
###.###.#####


You could see a storm dragon (poisoned, catching breath).

Vanquished Creatures
  Josephine (D:12)
  A centaur warrior (D:9)
  A two-headed ogre (D:11)
  A cyclops (D:9)
  A komodo dragon (D:8)
  2 trolls
  Grinder (D:6)
  A slime creature (D:9)
  Prince Ribbit (D:5)
  A spriggan (D:11)
  Sigmund (D:3)
  4 wraiths (D:12)
  6 yaks
  A naga (shapeshifter) (D:12)
  A soldier ant (D:10)
  Edmund (D:4)
  A water moccasin (D:7)
  Duvessa (D:4)
  An ice beast (D:7)
  6 orc warriors
  4 black bears
  5 phantoms
  4 necrophages
  5 ogres
  10 centaurs
  2 big kobolds (D:9)
  6 bullfrogs
  A gnoll sergeant (D:10)
  A wyvern skeleton (D:8)
  3 scorpions
  Dowan (D:4)
  A water moccasin skeleton (D:5)
  8 killer bees
  14 wights
  4 howler monkeys
  2 quasits
  A bullfrog zombie (D:8)
  5 jellies
  Crazy Yiuf (D:6)
  13 orc wizards
  A bullfrog skeleton (D:7)
  An orc priest (D:10)
  4 hounds
  3 iguanas
  Ijyb (D:4)
  A statue (D:7)
  7 worker ants
  A killer bee zombie (D:8)
  2 hound zombies
  A hound skeleton (D:10)
  A mummy (D:8)
  2 howler monkey zombies
  A worker ant zombie (D:9)
  7 gnolls
  A howler monkey skeleton (D:7)
  14 adders
  A shadow imp (D:5)
  4 white imps
  10 ufetubi
  2 oozes (D:5)
  2 adder zombies
  5 adder skeletons
  3 worms (D:3)
  2 dart slugs
  4 leopard geckos
  28 orcs
  3 ball pythons
  9 bats
  6 giant cockroaches
  7 hobgoblins
  12 jackals
  3 quokkas
  7 frilled lizards
  8 goblins
  A jackal skeleton (D:7)
  12 kobolds
  A leopard gecko skeleton (D:7)
  2 leopard gecko zombies
  A quokka skeleton (D:8)
  A quokka zombie (D:4)
  5 rats
312 creatures vanquished.

Vanquished Creatures (others)
  7 fungi (D:8)
  7 plants (D:8)
  2 withered plants (D:8)
16 creatures vanquished.

Grand Total: 328 creatures vanquished

Notes
Turn   | Place    | Note
-------+----------+-------------------------------------------
     0 | D:1      | DildoBatman the Formicid Conjurer began the quest for the
                  | Orb.
     0 | D:1      | Reached XP level 1. HP: 13/13 MP: 3/3
   278 | D:1      | Reached XP level 2. HP: 6/19 MP: 1/5
   281 | D:1      | Learned a level 2 spell: Searing Ray
   683 | D:1      | Reached XP level 3. HP: 24/24 MP: 3/6
   952 | D:2      | Found an ancient bone altar of Kikubaaqudgha.
   958 | D:2      | Became a worshipper of Kikubaaqudgha
   975 | D:2      | Found a sacrificial altar of Ru.
   976 | D:2      | Found an iron altar of Okawaru.
   976 | D:2      | Found a sparkling altar of Nemelex Xobeh.
   980 | D:2      | Found a hide-covered altar of Uskayaw.
  1133 | D:2      | Found a shimmering altar of Xom.
  1139 | D:2      | Found a hazy altar of Hepliaklqana.
  1147 | D:2      | Found a glowing silver altar of Zin.
  1270 | D:2      | Reached XP level 4. HP: 30/30 MP: 5/7
  1552 | D:2      | Reached skill level 5 in Conjurations
  1843 | D:3      | Reached * piety under Kikubaaqudgha
  1843 | D:3      | Identified Kikubaaqudgha's Collected Works on Evil Rites
                  | (Kikubaaqudgha gifted it to you on level 3 of the Dungeon)
  1843 | D:3      | Received a gift from Kikubaaqudgha
  1891 | D:3      | Learned a level 3 spell: Vampiric Draining
  1918 | D:3      | Reached skill level 1 in Fighting
  1918 | D:3      | Reached skill level 1 in Armour
  1918 | D:3      | Reached XP level 5. HP: 22/37 MP: 1/8
  2034 | D:3      | Reached XP level 6. HP: 43/44 MP: 4/10
  2037 | D:3      | Learned a level 2 spell: Sublimation of Blood
  2051 | D:3      | Noticed Sigmund
  2202 | D:3      | Reached ** piety under Kikubaaqudgha
  2763 | D:3      | Killed Sigmund
  2764 | D:3      | Reached XP level 7. HP: 42/50 MP: 5/13
  2775 | D:3      | Found a basalt altar of Yredelemnul.
  2803 | D:4      | Noticed Edmund
  2813 | D:4      | Killed Edmund
  2813 | D:4      | Noticed Duvessa
  2814 | D:4      | Reached skill level 5 in Spellcasting
  2853 | D:4      | Noticed Ijyb
  2862 | D:4      | Killed Ijyb
  2891 | D:4      | Reached XP level 8. HP: 47/56 MP: 12/16
  2945 | D:4      | Noticed Dowan
  2984 | D:4      | Killed Dowan
  3071 | D:4      | Found Conne's Book Shoppe.
  3160 | D:4      | Found a staircase to the Ecumenical Temple.
  3589 | D:4      | Killed Duvessa
  3821 | D:5      | Entered Level 5 of the Dungeon
  3824 | D:5      | Found a snail-covered altar of Cheibriados.
  3951 | D:5      | Noticed Prince Ribbit
  3958 | D:5      | Killed Prince Ribbit
  3959 | D:5      | Reached skill level 5 in Shields
  4033 | D:5      | Reached XP level 9. HP: 55/61 MP: 15/19
  4280 | D:5      | Reached *** piety under Kikubaaqudgha
  4280 | D:5      | Identified Kikubaaqudgha's Catalogue of Sinister Rites
                  | (Kikubaaqudgha gifted it to you on level 5 of the Dungeon)
  4280 | D:5      | Received a gift from Kikubaaqudgha
  4287 | D:5      | Learned a level 4 spell: Dispel Undead
  4653 | D:6      | Noticed Grinder
  4671 | D:6      | Killed Grinder
  5121 | D:6      | Found a runed translucent door.
  5122 | D:6      | Noticed Crazy Yiuf
  5191 | D:6      | Killed Crazy Yiuf
  5192 | D:6      | Reached skill level 1 in Necromancy
  5615 | D:7      | Reached XP level 10. HP: 59/70 MP: 16/20
  5625 | D:7      | Learned a level 5 spell: Bolt of Magma
  5862 | D:7      | Found a radiant altar of Vehumet.
  6002 | D:7      | Reached **** piety under Kikubaaqudgha
  6311 | D:8      | Reached skill level 5 in Fighting
  6311 | D:8      | Reached skill level 5 in Armour
  6320 | D:8      | Noticed a komodo dragon
  6337 | D:8      | Killed a komodo dragon
  6362 | D:8      | Reached skill level 5 in Necromancy
  6431 | D:8      | Found a staircase to the Lair.
  7292 | D:9      | Reached ***** piety under Kikubaaqudgha
  7427 | D:9      | Reached XP level 11. HP: 41/79 MP: 11/21
  7895 | D:9      | Noticed a stone giant
  8070 | D:9      | Learned a level 3 spell: Conjure Flame
  8074 | D:9      | Learned a level 3 spell: Mephitic Cloud
  8143 | D:9      | Reached skill level 1 in Poison Magic
  8317 | D:9      | Noticed a cyclops
  8363 | D:9      | Killed a cyclops
  8364 | D:9      | Reached skill level 1 in Fire Magic
  8364 | D:9      | Reached skill level 1 in Air Magic
  8571 | D:9      | Noticed a centaur warrior
  8578 | D:9      | Killed a centaur warrior
  8623 | D:10     | Entered Level 10 of the Dungeon
  8758 | D:10     | Got an encrusted war axe
  8818 | D:10     | Identified the +4 war axe of Gorif {vorpal, rF+ SInv} (You
                  | found it on level 10 of the Dungeon)
  9411 | D:10     | Gained mutation: You are surrounded by a mild repulsion
                  | field. (EV +2) [potion of mutation]
  9411 | D:10     | Gained mutation: You have sharp toenails. [potion of
                  | mutation]
  9428 | D:11     | Noticed Sonja
  9495 | D:11     | Noticed a two-headed ogre
  9570 | D:11     | Killed a two-headed ogre
  9571 | D:11     | Reached skill level 5 in Fire Magic
  9591 | D:11     | You fall into a shaft and drop 1 floor!
  9592 | D:12     | Noticed Josephine
  9642 | D:12     | Reached XP level 12. HP: 83/83 MP: 16/22
  9658 | D:12     | Killed Josephine
  9762 | D:12     | Noticed a storm dragon
  9804 | D:12     | Killed from afar by a storm dragon

Illustrated notes

Levels and vault maps discovered:
D:1:      wander_arrival_fairy_ring, layout_basic
D:2:      layout_basic, lemuel_crystal_altar,
          chequers_temple_overflow_statue_of_worship, grunt_temple_overflow_open
D:3:      layout_basic, general_overflow_altar, minmay_tree_intersection,
          minmay_misc_feat_ornament, uniq_sigmund
D:4:      layout_basic, minmay_temple_entry_nine_rooms, serial_shops, shop,
          minmay_misc_feat_enclosed, uniq_duvessa, uniq_edmund, uniq_ijyb
D:5:      layout_loops_ring, lemuel_round_altar, grunt_ministairs_11,
          minmay_hedge_maze, uniq_prince_ribbit1
D:6:      layout_basic, kennysheep_generic_room_14, uniq_grinder,
          uniq_crazy_yiuf_cottage
D:7:      layout_gridville, vehumet_statue
D:8:      layout_basic, grunt_lair_entry_orc_guard_hut, serial_undead,
          serial_undead_c, serial_undead_c, serial_undead_d, serial_undead_e,
          serial_undead_c, serial_undead_f, serial_undead_e, serial_undead_d,
          serial_undead_e, serial_undead_c
D:9:      nzn_winding_woodlands_cross [nzn_winding_woodlands_5x15_default,
          nzn_winding_woodlands_5x15_split_checker,
          nzn_winding_woodlands_5x15_default, nzn_winding_woodlands_5x15_twine,
          nzn_winding_woodlands_15x15_thick_spiral], layout_basic
D:10:     layout_small_grid
D:11:     layout_cross, serial_shops, shop, hangedman_decor_opposing,
          the_bakery, uniq_sonja, uniq_urug
D:12:     minmay_strange_plus, layout_loops_cross, orc_0_dummy, uniq_erolcha,
          uniq_josephine, uniq_maurice

Skill      XL: |  1  2  3  4  5  6  7  8  9 10 11 12 |
---------------+-------------------------------------+-----
Conjurations   | 4 5 6 |  6.0
Fighting       | 1 2 3 5 6 |  6.1
Armour         | 1 2 3 5 6 |  6.1
Spellcasting   | 4 5 7 |  7.0
Shields        | 2 6 9 |  9.0
Dodging        | 3 4 |  4.1
Necromancy     | 2 8 9 |  9.0
Poison Magic   | 4 |  4.0
Fire Magic     | 5 |  5.0
Air Magic      | 4 |  4.0
Stealth        | |  2.4

Action                   |  1- 3 |  4- 6 |  7- 9 | 10-12 || total
-------------------------+-------+-------+-------+-------++-------
Melee: Unarmed           |    23 |       |       |       ||    23
       Whip              |     5 |       |       |       ||     5
       Short sword       |     8 |     2 |       |   117 ||   127
       Trident           |       |       |       |    76 ||    76
 Fire: Hunting sling     |       |       |    16 |       ||    16
 Cast: Magic Dart        |    60 |    48 |    55 |    88 ||   251
       Searing Ray       |     3 |    21 |    59 |    68 ||   151
       Vampiric Draining |       |       |       |    41 ||    41
       Dispel Undead     |       |       |       |    18 ||    18
       Mephitic Cloud    |       |       |       |    11 ||    11
       Conjure Flame     |       |       |       |     5 ||     5
 Abil: Dig               |     1 |     3 |     6 |    35 ||    45
  Use: Scroll            |       |     2 |     4 |     6 ||    12
       Potion            |       |       |     4 |     5 ||     9
 Stab: Sleeping          |     1 |       |       |       ||     1
       Confused          |       |       |       |     2 ||     2
Armor: Robe              |    10 |     1 |       |       ||    11
       Ring mail         |       |     1 |     8 |     1 ||    10
       Leather armour    |       |       |       |    83 ||    83
       Skin              |       |       |       |    11 ||    11
Dodge: Dodged            |    56 |     6 |    23 |   129 ||   214
Block: Buckler           |       |       |     3 |       ||     3
       Kite shield       |       |       |    18 |   150 ||   168
